 Dungeon Crawl Stone Soup version 0.27-a0-1116-g91b3acb402 (webtiles) character file.

Game seed: 10002856509300757702

199978 wakim the Unseen (level 18, -1/95 HPs)
             Began as a Vine Stalker Fighter on May 1, 2021.
             Was a Believer of Uskayaw.
             Slain by the 27-headed Lernaean hydra (8 damage)
             ... on level 4 of the Swamp.
             The game lasted 01:36:37 (26618 turns).

wakim the Unseen (Vine Stalker Fighter)            Turns: 26618, Time: 01:36:37

Health: -1/95      AC: 22    Str: 27    XL:     18   Next: 94%
Magic:  0/27       EV: 18    Int: 11    God:    Uskayaw [**....]
Gold:   2113       SH: 36    Dex: 21    Spells: 17/17 levels left

rFire    + + .     SeeInvis +   a - +8 quick blade of the Lettuce {elec, Drain rElec rF+ rC+}
rCold    + . .     Faith    .   p - +11 tower shield "Woosaga" {Str+6}
rNeg     + . .     Spirit   +   l - +1 robe of Entitlement {rPois Str+2 Slay+3 SInv}
rPois    +         Reflect  +   g - +2 hat
rElec    +         Harm     .   o - +2 cloak {rCorr}
rCorr    +         Rampage  +   e - +1 pair of gloves {Dex+3}
Will     ++...                  d - +2 pair of boots {rampage}
Stlth    +++++++...             c - amulet "Zaestrap" {Reflect rElec Regen+ Int+3 Dex-4 SH+5}
HPRegen  2.25/turn              m - ring of the Tortoise {AC+8}
MPRegen  0.20/turn              j - ring "Hycsuo" {rF+ rN+ Slay+2}

@: about to teleport, studying 3 skills
A: fangs 3, regeneration 1, magic shield, antimagic bite, no potion heal 2
a: Renounce Religion, Stomp, Line Pass


You were on level 4 of the Swamp.
You worshipped Uskayaw.
Uskayaw was aware of your devotion.
You visited 5 branches of the dungeon, and saw 28 of its levels.
You visited 1 bazaar.
You also visited: Gauntlet, Ice Cave and Volcano.

You collected 2928 gold pieces.
You spent 815 gold pieces at shops.

Inventory:

Hand Weapons
 a - the +8 quick blade of the Lettuce (weapon) {elec, Drain rElec rF+ rC+}
   (You acquired it on level 3 of the Lair of Beasts)

   Occasionally, upon striking a foe, it can discharge electrical energy and
   cause terrible harm.
   It protects you from fire.
   It protects you from cold.
   It insulates you from electricity.
   It drains your maximum health when unequipped.
 b - a +0 quick blade
Missiles
 f - 4 atropa-tipped darts
 i - 12 boomerangs of dispersal {=f!f}
 k - a throwing net {=f!f}
 n - 8 curare-tipped darts {=f}
Armour
 d - a +2 pair of boots of rampaging (worn)
 e - a +1 pair of gloves of dexterity (worn)
 g - a +2 hat (worn)
 l - the +1 robe of Entitlement (worn) {rPois Str+2 Slay+3 SInv}
   (You bought it in a shop on level 3 of the Dungeon)

   It affects your strength (+2).
   It affects your accuracy and damage with ranged weapons and melee attacks
   (+3).
   It protects you from poison.
   It lets you see invisible.
 o - a +2 cloak of preservation (worn)
 p - the +11 tower shield "Woosaga" (worn) {Str+6}
   (You found it on level 5 of the Lair of Beasts)

   It affects your strength (+6).
 L - the +5 ring mail of Ugraeb {-Cast rElec rPois rCorr}
   (You found it on level 4 of the Swamp)

   It insulates you from electricity.
   It protects you from poison.
   It prevents spellcasting.
   It protects you from acid and corrosion.
Jewellery
 c - the amulet "Zaestrap" (around neck) {Reflect rElec Regen+ Int+3 Dex-4 SH+5}
   (You found it on level 5 of the Lair of Beasts)

   [amulet of reflection]

   It reflects blocked missile attacks.
   It affects your intelligence (+3).
   It affects your dexterity (-4).
   It insulates you from electricity.
   It increases your rate of health regeneration.
   It affects your SH (+5).
 j - the ring "Hycsuo" (right hand) {rF+ rN+ Slay+2}
   (You acquired it on level 8 of the Dungeon)

   [ring of positive energy]

   It affects your accuracy and damage with ranged weapons and melee attacks
   (+2).
   It protects you from fire.
   It protects you from negative energy.
 m - the ring of the Tortoise (left hand) {AC+8}
   (You found it on level 1 of the Lair of Beasts)

   [ring of protection]

   It affects your AC (+8).
 q - a ring of protection from cold
 z - a ring of protection from fire
 A - an amulet of faith
 D - a ring of resist corrosion
 J - a ring of flight
Wands
 t - a wand of iceblast (66)
 u - a wand of mindburst (9)
 v - a wand of flame (48) (quivered)
 w - a wand of acid (40)
 x - a wand of charming (9)
 y - a wand of paralysis (8)
Scrolls
 h - 3 scrolls of enchant weapon
 r - 12 scrolls of identify
 s - 5 scrolls of enchant armour
 Q - a scroll of immolation {!r!r}
 R - 2 scrolls of magic mapping {!r}
 T - 15 scrolls of teleportation
 U - 3 scrolls of fear
 X - a scroll of fog
 Z - 2 scrolls of silence {!r}
Potions
 C - 3 potions of berserk rage {!q}
 E - 2 potions of cancellation
 F - 13 potions of curing
 G - 4 potions of flight
 H - 2 potions of haste
 I - 9 potions of invisibility
 K - 3 potions of magic
 M - 2 potions of mutation {!q}
 N - 4 potions of might
 O - 3 potions of resistance


   Skills:
 + Level 10.6 Fighting
 + Level 13.6 Short Blades
 + Level 8.2 Armour
 * Level 10.9 Dodging
 * Level 17.1 Stealth
 * Level 12.5 Shields
 + Level 11.0 Invocations
 + Level 7.3 Evocations


You had 17 spell levels left.
You didn't know any spells.
Your spell library contained the following spells:

 Spells                   Type           Power      Damage    Failure   Level
 Beastly Appendage        Tmut           0%         N/A       87%         1
 Corona                   Hex            0%         N/A       87%         1
 Foxfire                  Conj/Fire      0%         2x1d4     87%         1
 Freeze                   Ice            0%         1d3       87%         1
 Magic Dart               Conj           0%         1d3       87%         1
 Sting                    Tmut/Pois      0%         1d3       87%         1
 Summon Small Mammal      Summ           0%         N/A       87%         1
 Blink                    Tloc           N/A        N/A       95%         2
 Call Imp                 Summ           0%         N/A       95%         2
 Ensorcelled Hibernation  Hex/Ice        0%         N/A       95%         2
 Passwall                 Tmut/Erth      0%         N/A       95%         2
 Poisonous Vapours        Pois/Air       0%         N/A       95%         2
 Searing Ray              Conj           0%         3d3       95%         2
 Slow                     Hex            0%         N/A       95%         2
 Wereblood                Tmut           0%         N/A       95%         2
 Call Canine Familiar     Summ           0%         N/A       99%         3
 Confusing Touch          Hex            0%         N/A       99%         3
 Conjure Flame            Conj/Fire      0%         6-21      99%         3
 Dazzling Flash           Conj/Hex       0%         N/A       99%         3
 Ignite Poison            Fire/Tmut/Pois 0%         N/A       99%         3
 Inner Flame              Hex/Fire       0%         N/A       99%         3
 Mephitic Cloud           Conj/Pois/Air  0%         N/A       99%         3
 Portal Projectile        Hex/Tloc       0%         N/A       99%         3
 Spider Form              Tmut/Pois      0%         N/A       99%         3
 Summon Guardian Golem    Hex/Summ       0%         N/A       99%         3
 Tukima's Dance           Hex            0%         N/A       99%         3
 Animate Armour           Summ/Erth      0%         N/A       100%        4
 Animate Dead             Necr           0%         N/A       100%        4
 Cause Fear               Hex            0%         N/A       100%        4
 Fulminant Prism          Conj/Hex       0%         3d6       100%        4
 Ice Form                 Ice/Tmut       0%         N/A       100%        4
 Iskenderun's Mystic Bla  Conj/Tloc      0%         2d3       100%        4
 Leda's Liquefaction      Hex/Erth       0%         N/A       100%        4
 Olgreb's Toxic Radiance  Pois           0%         N/A       100%        4
 Sticky Flame             Conj/Fire      0%         2d3       100%        4
 Summon Ice Beast         Ice/Summ       0%         N/A       100%        4
 Summon Lightning Spire   Summ/Air       0%         N/A       100%        4
 Bolt of Magma            Conj/Fire/Erth 0%         4d4       100%        5
 Borgnjor's Vile Clutch   Necr/Erth      0%         N/A       100%        5
 Fireball                 Conj/Fire      0%         3d3       100%        5
 Hydra Form               Tmut           0%         N/A       100%        5
 Iskenderun's Battlesphe  Conj           0%         2d6       100%        5
 Death Channel            Necr           0%         N/A       100%        6
 Iron Shot                Conj/Erth      0%         9d1       100%        6
 Simulacrum               Ice/Necr       0%         N/A       100%        6
 Statue Form              Tmut/Erth      0%         N/A       100%        6
 Dragon Form              Tmut           0%         N/A       100%        7
 Malign Gateway           Summ/Tloc      0%         N/A       100%        7
 Orb of Destruction       Conj           0%         N/A       100%        7
 Spellforged Servitor     Conj/Summ      0%         N/A       100%        7
 Disjunction              Tloc           0%         N/A       100%        8
 Shatter                  Erth           0%         3d5*      100%        9


Dungeon Overview and Level Annotations

Branches:
Dungeon (15/15)            Temple (1/1) D:5            Lair (6/6) D:11
  Swamp (4/4) Lair:3       Spider (0/4) Lair:4        Slime (0/5) Lair:5
    Orc (2/2) D:11            Elf (0/3) Orc:2        Vaults (0/5) D:13
 Depths (0/5) D:15          IceCv (visited)         Volcano (visited)
Gauntlet (visited)

Altars:
Ashenzari
Cheibriados
Dithmenos
Elyvilon
Fedhas
Gozag
Hepliaklqana
Kikubaaqudgha
Makhleb
Nemelex Xobeh
Okawaru
Qazlal
Ru
Sif Muna
Trog
Uskayaw
Vehumet
Wu Jian
Xom
Yredelemnul
Zin
The Shining One
Beogh

Shops:
D:1 !   D:3 [   D:9 *?!   D:12 ?   Orc:2 [[((

Annotations:
Lair:1 3 runed translucent doors, Pyinaobb's ghost, journeyman TrMo
Swamp:4 Lernaean hydra
Orc:2 2 transporters, wakim's ghost, journeyman DgFE


Innate Abilities, Weirdness & Mutations

You have razor-sharp teeth.
Your natural rate of healing is unusually fast.
When hurt, damage is shared between your health and your magic reserves.
Your bite disrupts and absorbs the magic of your enemies.
Potions cannot restore your health.


Message History

You block the 27-headed Lernaean hydra's attack. x2
The 27-headed Lernaean hydra completely misses you.
The 27-headed Lernaean hydra bites you!
You block the 27-headed Lernaean hydra's attack.
The 27-headed Lernaean hydra barely misses you.
The 27-headed Lernaean hydra bites you but does no damage.
The 27-headed Lernaean hydra bites you!
The 27-headed Lernaean hydra bites you but does no damage.
The 27-headed Lernaean hydra bites you.
The 27-headed Lernaean hydra closely misses you.
The 27-headed Lernaean hydra bites you but does no damage.
The 27-headed Lernaean hydra bites you.
You block the 27-headed Lernaean hydra's attack. x2
The 27-headed Lernaean hydra bites you!
The 27-headed Lernaean hydra closely misses you.
The 27-headed Lernaean hydra bites you but does no damage. x4
The 27-headed Lernaean hydra bites you!
* * * LOW HITPOINT WARNING * * *
The 27-headed Lernaean hydra bites you!
* * * LOW HITPOINT WARNING * * *
You can now pass through a line of other dancers.
The 27-headed Lernaean hydra is engulfed in a cloud of scalding steam.
As you read the scroll of teleportation, it crumbles to dust.
You feel strangely unstable.
The 27-headed Lernaean hydra misses you.
The 27-headed Lernaean hydra bites you!
* * * LOW HITPOINT WARNING * * *
The 27-headed Lernaean hydra bites you!
* * * LOW HITPOINT WARNING * * *
The 27-headed Lernaean hydra bites you.
* * * LOW HITPOINT WARNING * * *
The 27-headed Lernaean hydra bites you!
* * * LOW HITPOINT WARNING * * *
You block the 27-headed Lernaean hydra's attack. x2
The 27-headed Lernaean hydra misses you.
The 27-headed Lernaean hydra bites you!
* * * LOW HITPOINT WARNING * * *
The 27-headed Lernaean hydra bites you but does no damage.
The 27-headed Lernaean hydra bites you!
You die...

♣≈.≈≈☼.≈≈≈.♣.≈≈≈♣♣♣♣♣≈.≈.≈≈≈≈≈♣
♣♣♣.≈≈≈≈≈≈...♣≈..≈♣≈♣♣.≈....≈≈≈♣
♣.≈.....≈D..♣♣♣♣≈....♣.≈≈≈.♣≈.♣♣
♣≈♣≈§.....#..?♣♣♣.≈≈≈≈♣≈≈≈≈...♣♣
≈ ♣≈.....§.≈.[≈♣≈.≈≈≈≈♣♣≈≈≈.≈≈≈♣
♣♣♣≈.♣♣♣.♣k§.≈...≈≈≈≈.≈.≈≈≈≈≈.♣
♣....≈♣♣♣≈≈#D≈≈≈§≈≈≈≈...≈≈...♣♣
♣.#.≈.≈♣♣≈≈≈≈.≈D.≈≈≈≈≈≈..≈≈.≈♣♣
. #...#.♣♣≈≈≈≈≈.@§§≈≈≈.≈≈≈..♣♣
##..#≈♣♣♣♣≈≈§..≈≈≈≈§≈.≈≈.♣♣♣♣
##≈###. ♣♣≈≈≈≈≈≈≈§≈≈.≈≈....♣
#!≈≈##≈♣ ♣♣≈§≈≈.≈≈≈≈≈...≈.≈.♣
###†D≈#♣♣ ♣≈≈≈≈≈≈...≈≈..≈≈≈.♣♣
##≈...## ♣♣≈..≈≈≈≈♣♣♣♣≈.≈≈≈≈♣ ♣
°≈°≈.≈≈## ♣≈≈...≈≈.♣ ♣♣.≈≈≈.♣ ♣
#≈†≈≈≈≈≈#
♣§≈≈≈≈≈^♣♣♣♣♣♣≈..≈♣♣♣♣♣
#k#†.≈#≈#
♣♣≈≈≈§≈≈≈.≈♣≈.≈.♣♣♣♣♣≈.


You could see the 27-headed Lernaean hydra, 2 swamp dragons and a swamp drake.

Vanquished Creatures
  Nikola (Swamp:2)
  A tentacled monstrosity (Swamp:4)
  The ghost of Killmatronix the Marksdemigod, an adept DgHu (Swamp:1)
  Kirke (Swamp:1)
  2 fenstrider witches
  The ghost of Tassujicw the Severer, an adept GrBe of Trog (Swamp:1)
  2 orc warlords (Orc:2)
  Aizul (Swamp:2)
  Louise (D:15)
  A vampire knight (D:14)
  2 bunyips
  A red draconian (Volcano)
  A minotaur (Gauntlet)
  4 eleionomae
  A shambling mangrove (Swamp:2)
  A fire dragon (D:13)
  A vault guard (D:13)
  A ghost crab (Swamp:3)
  Harold (D:8)
  An ogre mage (Orc:1)
  21 hydras
  7 boulder beetles
  Erolcha (D:13)
  Erica (Orc:1)
  11 two-headed ogres
  A death knight (D:13)
  12 alligators
  A vampire mage (D:14)
  3 tengu warriors
  9 death yaks (Lair:6)
  Urug (Orc:2)
  3 orc high priests
  21 spriggans
  Nergalle (D:11)
  The ghost of T2blue the Cleaver, a novice MiBe of Trog (D:8)
  Sonja (D:13)
  4 skeletal warriors (D:13)
  3 goliath frogs
  A salamander mystic (Volcano)
  An iron troll (D:13)
  2 bog bodies
  10 swamp dragons
  2 glowing orange brains (Gauntlet)
  An orange crystal statue (D:9)
  A wizard (D:15)
  4 spriggan druids
  4 orc knights
  2 ugly things
  3 orc sorcerers
  3 necromancers
  A deep elf pyromancer (D:12)
  3 salamanders (Volcano)
  6 manticores
  3 will-o-the-wisps
  An oklob plant (Lair:5)
  7 cyclopes
  An ice statue (IceCv)
  16 elephants
  Maurice (Orc:1)
  2 naga magi (D:15)
  15 cane toads
  3 black mambas
  5 rime drakes
  13 freezing wraiths
  The ghost of nht the Geomancer, a novice DsEE of Fedhas (D:5)
  8 komodo dragons
  A yaktaur (shapeshifter) (D:13)
  3 tengu conjurers
  An efreet (D:14)
  7 trolls
  5 polar bears
  10 tyrant leeches
  A bloated husk (Swamp:3)
  17 hornets
  19 blink frogs
  8 slime creatures
  13 dream sheep
  3 shadows
  5 centaur simulacra
  17 flying skulls (D:14)
  7 vampires (D:14)
  6 wyverns
  41 yaks
  4 wraiths (D:13)
  6 vampire mosquitoes
  9 fire bats (Volcano)
  8 basilisks
  2 hogs (Swamp:1)
  8 wargs
  20 swamp worms
  3 two-headed ogre zombies
  4 acid dragons
  Edmund (D:4)
  22 water moccasins
  4 black bears
  2 sky beasts (D:6)
  8 swamp drakes
  7 ice beasts
  40 orc warriors
  2 hornet zombies
  8 ogres
  35 wolves
  7 centaurs
  4 boggarts (Lair:6)
  A necrophage (D:6)
  2 phantoms
  A gnoll sergeant (D:9)
  20 bullfrogs
  2 scorpions
  A water moccasin skeleton (D:5)
  2 elephant simulacra (IceCv)
  8 wights
  6 howler monkeys
  2 electric eels (D:11)
  2 bullfrog zombies
  6 centaur zombies
  4 draconian simulacra (IceCv)
  7 human zombies (D:14)
  8 lava snakes (Volcano)
  15 jellies
  33 orc priests
  4 centaur skeletons
  A bullfrog skeleton (D:7)
  Jessica (D:3)
  An iguana (D:5)
  38 orc wizards
  2 polar bear simulacra (IceCv)
  2 hell rats (D:14)
  A spriggan simulacrum (IceCv)
  4 troll simulacra (IceCv)
  7 ogre zombies (D:11)
  3 howler monkey zombies
  5 gnolls (D:9)
  4 naga simulacra (IceCv)
  5 adders
  A howler monkey skeleton (D:6)
  3 ogre simulacra (IceCv)
  2 river rats (D:14)
  A shadow imp (D:4)
  13 white imps
  2 worms
  3 dart slugs
  98 orcs
  11 endoplasms
  4 giant cockroaches
  8 goblins
  4 hobgoblins
  2 jackals (D:5)
  6 kobolds
  4 quokkas
  3 ball pythons
  10 bats
  5 frilled lizards
  A goblin skeleton (D:11)
  5 goblin zombies (D:11)
  2 hobgoblin skeletons (D:11)
  2 hobgoblin zombies (D:11)
  4 orc skeletons (D:11)
  11 orc zombies (D:11)
  6 rats
  A foxfire (Swamp:4)
1026 creatures vanquished.

Vanquished Creatures (others)
  5 bloated husks
  An orc wizard (D:8)
  7 foxfires (Swamp:4)
  28 fungi
  13 plants
  2 withered plants (Swamp:1)
56 creatures vanquished.

Grand Total: 1082 creatures vanquished

Notes
Turn   | Place    | Note
-------+----------+-------------------------------------------
     0 | D:1      | wakim the Vine Stalker Fighter began the quest for the Orb.
     0 | D:1      | Reached XP level 1. HP: 11/11 MP: 2/2
   169 | D:1      | Found a faded altar of an unknown god.
   406 | D:1      | Reached skill level 1 in Stealth
   406 | D:1      | Reached XP level 2. HP: 16/16 MP: 3/3
   919 | D:1      | Reached XP level 3. HP: 19/19 MP: 4/4
   938 | D:1      | Found Nuci's Distillery.
  1014 | D:1      | Reached skill level 2 in Stealth
  1463 | D:2      | Gained mutation: Your natural rate of healing is unusually
                  | fast. [Vine Stalker growth]
  1463 | D:2      | Reached XP level 4. HP: 24/24 MP: 5/5
  1641 | D:2      | Found a blossoming altar of Fedhas.
  2105 | D:3      | Found a radiant altar of Vehumet.
  2223 | D:3      | Noticed Jessica
  2240 | D:3      | Killed Jessica
  2241 | D:3      | Reached skill level 1 in Dodging
  2241 | D:3      | Reached skill level 3 in Stealth
  2511 | D:3      | Found Ebre's Antique Armour Emporium.
  2526 | D:3      | Reached XP level 5. HP: 28/28 MP: 6/6
  2826 | D:4      | Reached XP level 6. HP: 32/32 MP: 7/7
  2920 | D:4      | Reached skill level 4 in Stealth
  2964 | D:4      | Found a white marble altar of Elyvilon.
  3019 | D:4      | You fall into a shaft and drop 2 floors!
  3161 | D:6      | Noticed a necrophage
  3172 | D:6      | Killed a necrophage
  3173 | D:6      | Reached skill level 5 in Stealth
  3173 | D:6      | Reached XP level 7. HP: 32/36 MP: 8/8
  3211 | D:6      | Found a sparkling altar of Nemelex Xobeh.
  3764 | D:6      | Reached skill level 6 in Stealth
  3764 | D:6      | Gained mutation: You have razor-sharp teeth. [Vine Stalker
                  | growth]
  3764 | D:6      | Reached XP level 8. HP: 42/42 MP: 9/9
  3924 | D:5      | Entered Level 5 of the Dungeon
  3939 | D:5      | Found a staircase to the Ecumenical Temple.
  3947 | Temple   | Entered the Ecumenical Temple
  4010 | Temple   | Became a worshipper of Uskayaw the Reveller
  4034 | D:5      | Reached * piety under Uskayaw
  4088 | D:5      | Reached ** piety under Uskayaw
  4434 | D:4      | Noticed Edmund
  4460 | D:4      | Killed Edmund
  4461 | D:4      | Reached skill level 5 in Short Blades
  4955 | D:5      | Found a runed translucent gate.
  4957 | D:5      | Found a runed translucent gate.
  4957 | D:5      | Found a runed translucent gate.
  4960 | D:5      | Noticed nht's ghost (novice DsEE)
  5148 | D:5      | Reached skill level 7 in Stealth
  5496 | D:7      | Reached *** piety under Uskayaw
  5516 | D:7      | Noticed a hornet
  5525 | D:7      | Killed a hornet
  5526 | D:7      | Reached XP level 9. HP: 46/46 MP: 10/10
  5744 | D:7      | Found an opulent altar of Gozag.
  5782 | D:7      | Reached skill level 8 in Stealth
  6457 | D:8      | Noticed a two-headed ogre
  6461 | D:8      | Noticed Harold
  6506 | D:8      | Reached skill level 5 in Shields
  6510 | D:8      | Reached skill level 5 in Fighting
  6511 | D:8      | Reached **** piety under Uskayaw
  6514 | D:8      | Reached ***** piety under Uskayaw
  6521 | D:8      | Reached skill level 9 in Stealth
  7082 | D:8      | Killed a two-headed ogre
  7083 | D:8      | Reached skill level 10 in Stealth
  7083 | D:8      | Reached XP level 10. HP: 28/51 MP: 5/11
  7294 | D:8      | Found a runed translucent gate.
  7294 | D:8      | Found a runed translucent gate.
  7294 | D:8      | Found a runed translucent gate.
  7294 | D:8      | Noticed T2blue's ghost (novice MiBe)
  7297 | D:8      | Found a basalt altar of Yredelemnul.
  7395 | D:8      | Identified a scroll of acquirement
  7395 | D:8      | Acquired the ring "Hycsuo" {rF+ rN+ Slay+2}
  7478 | D:8      | Identified the Volume of Warped Snow
  7657 | D:9      | Noticed a two-headed ogre
  7744 | D:8      | Killed a two-headed ogre
  7745 | D:8      | Reached skill level 1 in Invocations
  7798 | D:9      | Found Docenox's Assorted Antiques.
  7949 | D:3      | Bought a ripped robe for 142 gold pieces
  7949 | D:3      | Identified the +1 robe of Entitlement {rPois Str+2 Slay+3
                  | SInv} (You bought it in a shop on level 3 of the Dungeon)
  8091 | D:9      | Bought a runed steel amulet for 155 gold pieces
  8217 | D:9      | Found Qimokh's Distillery.
  8263 | D:9      | Noticed a manticore
  8804 | D:9      | Noticed an orange crystal statue
  8880 | D:9      | Found Ostoptah's Magic Scroll Boutique.
  9219 | D:10     | Entered Level 10 of the Dungeon
  9257 | D:10     | Noticed a two-headed ogre
  9268 | D:10     | Killed a two-headed ogre
  9269 | D:10     | Reached skill level 11 in Stealth
  9401 | D:10     | Found an iron altar of Okawaru.
  9411 | D:10     | Reached XP level 11. HP: 56/56 MP: 14/14
  9536 | D:10     | Found a transporter.
  9588 | D:10     | Reached skill level 5 in Dodging
  9668 | D:10     | Found a transporter.
  9825 | D:10     | Reached ****** piety under Uskayaw
  9929 | D:10     | Noticed a two-headed ogre
  9940 | D:10     | Killed a two-headed ogre
 10269 | D:11     | Found an ancient bone altar of Kikubaaqudgha.
 10349 | D:11     | Noticed a cyclops
 10439 | D:11     | Noticed a cyclops
 10444 | D:11     | Noticed Nergalle
 10448 | D:11     | Killed Nergalle
 10452 | D:11     | Killed a cyclops
 10453 | D:11     | Reached skill level 5 in Invocations
 10459 | D:11     | Found a staircase to the Lair.
 10669 | D:11     | Found a flickering gateway to a bazaar.
 10676 | Bazaar   | Entered a bazaar
 10690 | Bazaar   | Found Cuaq's Armour Emporium.
 10706 | Bazaar   | Found Xicai's Assorted Antiques.
 10722 | Bazaar   | Found Kemudu's Antique Armour Shoppe.
 10722 | Bazaar   | Found Anniex's Antique Weapon Emporium.
 10772 | Bazaar   | Bought a glowing hat for 161 gold pieces
 10797 | Bazaar   | Bought a runed rapier for 168 gold pieces
 10885 | D:11     | Noticed a six-headed hydra
 10899 | D:11     | Killed a six-headed hydra
 10946 | D:11     | Found a staircase to the Orcish Mines.
 11091 | D:11     | Noticed a manticore
 11093 | D:11     | Killed a manticore
 11094 | D:11     | Reached XP level 12. HP: 62/62 MP: 17/17
 11564 | Lair:1   | Entered Level 1 of the Lair of Beasts
 11579 | Lair:1   | Noticed a minotaur
 11580 | Lair:1   | Noticed Pyinaobb's ghost (journeyman TrMo)
 11621 | Lair:1   | Reached skill level 12 in Stealth
 11738 | Lair:1   | Found the ring of the Tortoise {AC+8}
 11810 | Lair:1   | Noticed a six-headed hydra
 11818 | Lair:1   | Killed a six-headed hydra
 12048 | Lair:1   | Found a runed translucent gate.
 12048 | Lair:1   | Found a runed translucent gate.
 12048 | Lair:1   | Found a runed translucent gate.
 12304 | Lair:1   | Noticed a six-headed hydra
 12311 | Lair:1   | Killed a six-headed hydra
 12536 | D:8      | Killed Harold
 12611 | D:5      | Killed nht's ghost
 12730 | D:8      | Killed T2blue's ghost
 12814 | D:8      | Found a blossoming altar of Fedhas.
 12918 | D:9      | Found a broken altar of Ashenzari.
 13025 | D:9      | Reached skill level 10 in Short Blades
 13711 | Lair:2   | Reached XP level 13. HP: 67/67 MP: 19/19
 14237 | Lair:3   | Reached skill level 13 in Stealth
 14260 | Lair:3   | Found a transporter.
 14275 | Lair:3   | Found a transporter.
 14297 | Lair:3   | Found a dark tunnel.
 14307 | Volcano  | Entered a volcano
 14467 | Volcano  | Found a radiant altar of Vehumet.
 14488 | Volcano  | Noticed a red draconian
 14506 | Volcano  | Killed a red draconian
 14864 | Lair:3   | Acquired the +8 quick blade of the Lettuce {elec, Drain
                  | rElec rF+ rC+}
 14887 | Lair:3   | Found a staircase to the Swamp.
 15637 | Lair:4   | Reached XP level 14. HP: 38/73 MP: 13/20
 15639 | Lair:4   | Reached skill level 14 in Stealth
 15844 | Lair:4   | Found a hole to the Spider Nest.
 16056 | Lair:4   | Reached skill level 1 in Evocations
 16188 | Lair:4   | Identified the +7 ring mail of the Moon Troll {rF+ rN++
                  | Str+2}
 16595 | Lair:5   | Identified the +11 tower shield "Woosaga" {Str+6}
 16899 | Lair:5   | Found an ornate altar of the Wu Jian Council.
 16899 | Lair:5   | Found a hide-covered altar of Uskayaw.
 16935 | Lair:5   | Identified the amulet "Zaestrap" {Reflect rElec Regen+
                  | Int+3 Dex-4 SH+5}
 16953 | Lair:5   | Reached skill level 5 in Armour
 16985 | Lair:5   | Found a staircase to the Slime Pits.
 17348 | Lair:6   | Entered Level 6 of the Lair of Beasts
 17618 | Lair:6   | Reached XP level 15. HP: 67/78 MP: 22/22
 18267 | D:12     | Found Pacischa's Magic Scroll Shoppe.
 18742 | D:13     | Reached skill level 5 in Evocations
 18757 | D:13     | Found a gate to the Vaults.
 19015 | D:13     | Reached skill level 10 in Shields
 19036 | D:13     | Reached skill level 15 in Stealth
 19156 | D:13     | Noticed Erolcha
 19159 | D:13     | Killed Erolcha
 19190 | D:13     | Noticed Sonja
 19207 | D:13     | Killed Sonja
 19331 | D:13     | Found a shimmering blue altar of Sif Muna.
 19393 | D:13     | Reached XP level 16. HP: 84/84 MP: 22/24
 19412 | D:14     | Found a gate leading to a gauntlet.
 19427 | Gauntlet | Entered a Gauntlet
 19427 | Gauntlet | Found a transporter.
 19427 | Gauntlet | Found a transporter.
 19433 | Gauntlet | Found a transporter.
 19445 | Gauntlet | Found a transporter.
 19462 | Gauntlet | Found a transporter.
 19463 | Gauntlet | Found a transporter.
 19463 | Gauntlet | Found a transporter.
 19465 | Gauntlet | Found a transporter.
 19465 | Gauntlet | Found a transporter.
 19478 | Gauntlet | Found a transporter.
 19493 | Gauntlet | Found a transporter.
 19503 | Gauntlet | Found a transporter.
 19518 | Gauntlet | Found a transporter.
 19536 | Gauntlet | Found a transporter.
 19746 | Gauntlet | Found the +2 ratskin cloak {*Rats rPois rN+ Str-1 Int-1
                  | Dex+1}
 19786 | D:14     | Acquired a manual of Short Blades
 20066 | D:14     | Found an ancient bone altar of Kikubaaqudgha.
 20086 | D:14     | Reached XP level 17. HP: 88/88 MP: 25/25
 20605 | D:15     | Entered Level 15 of the Dungeon
 20907 | D:15     | Noticed Louise
 20912 | D:15     | Killed Louise
 21255 | D:15     | Found a staircase to the Depths.
 21533 | Orc:1    | Entered Level 1 of the Orcish Mines
 21704 | Orc:2    | Entered Level 2 of the Orcish Mines
 21737 | Orc:2    | Reached skill level 10 in Invocations
 21758 | Orc:2    | Found a staircase to the Elven Halls.
 21900 | Orc:2    | Found a frozen archway.
 21918 | Orc:2    | Found a transporter.
 21930 | IceCv    | Entered an ice cave
 22075 | IceCv    | Found an ancient bone altar of Kikubaaqudgha.
 22093 | IceCv    | Reached skill level 10 in Fighting
 22570 | Orc:2    | Found Busimp's Armour Emporium.
 22818 | Orc:2    | Noticed Urug
 22822 | Orc:2    | Killed Urug
 22843 | Orc:2    | Found a transporter.
 22861 | Orc:2    | Found a bloodstained altar of Trog.
 22870 | Orc:2    | Noticed wakim's ghost (journeyman DgFE)
 23233 | Orc:2    | Found Musken's Antique Weapon Shoppe.
 23282 | Orc:2    | Found Noott's Antique Armour Shoppe.
 23292 | Orc:2    | Found Jutun's Antique Weapon Emporium.
 23335 | Orc:2    | Bought a scorched leather armour for 189 gold pieces
 23335 | Orc:2    | Identified the +3 leather armour of Nuck {Str+6} (You
                  | bought it in a shop on level 2 of the Orcish Mines)
 23680 | Orc:1    | Noticed Maurice
 23686 | Orc:1    | Killed Maurice
 23759 | Orc:1    | Noticed Erica
 23780 | Orc:1    | Killed Erica
 23834 | Orc:1    | Reached skill level 16 in Stealth
 23838 | Orc:1    | Reached skill level 10 in Dodging
 24189 | Swamp:1  | Entered Level 1 of the Swamp
 24212 | Swamp:1  | Noticed Kirke
 24339 | Swamp:1  | Killed Kirke
 24535 | Swamp:1  | Found a runed translucent gate.
 24547 | Swamp:1  | Found a runed translucent gate.
 24549 | Swamp:1  | Found a runed translucent gate.
 24606 | Swamp:1  | Noticed Killmatronix's ghost (adept DgHu)
 24606 | Swamp:1  | Noticed Tassujicw's ghost (adept GrBe)
 24673 | Swamp:1  | Killed Tassujicw's ghost
 24674 | Swamp:1  | Reached XP level 18. HP: 80/94 MP: 19/26
 24674 | Swamp:1  | Killed Killmatronix's ghost
 24961 | Swamp:2  | Noticed Aizul
 24966 | Swamp:2  | Noticed Nikola
 24969 | Swamp:2  | Killed Aizul
 24978 | Swamp:2  | Killed Nikola
 25300 | Swamp:2  | Identified the Reference Book on Shifting Envenoming
 25779 | Swamp:3  | Acquired a manual of Armour
 26010 | Swamp:4  | Entered Level 4 of the Swamp
 26096 | Swamp:4  | Identified the +5 ring mail of Ugraeb {-Cast rElec rPois
                  | rCorr}
 26187 | Swamp:4  | Noticed a tentacled monstrosity
 26238 | Swamp:4  | Killed a tentacled monstrosity
 26367 | Swamp:4  | Identified the +9 spear "Haseg" {venom, Int+2}
 26491 | Swamp:4  | Reached skill level 17 in Stealth
 26566 | Swamp:4  | Noticed the 27-headed Lernaean hydra
 26618 | Swamp:4  | Slain by the 27-headed Lernaean hydra

Illustrated notes

Levels and vault maps discovered:
D:1:      dpeg_arrival_brainrot, layout_basic,
          hellmonk_ecumenical_altar_lost_god, serial_shops, nicolae_shop_crystal
D:2:      layout_loops_cross, basic_altar
D:3:      layout_loops_ring, nicolae_vehumet_radiance, serial_shops, shop,
          minmay_misc_feat_iff, minmay_misc_feat_doors,
          chequers_serial_rivers_micro_e, uniq_jessica
D:4:      layout_loops_ring, overflow_temple_1_default, uniq_edmund
D:5:      layout_loops_ring, minmay_temple_entry_nine_rooms,
          gammafunk_ghost_necromancy
D:6:      layout_loops_ring, amcnicky_altar_gilded
D:7:      layout_layer_cave, lemuel_round_altar
D:8:      layout_basic, nicolae_yredelemnul_ghost_church, kennysheep_little_box,
          uniq_harold
D:9:      layout_loops_corners, kennysheep_mini, serial_shops,
          nicolae_shop_statue_plus, shop_statue, shop,
          hangedman_decor_diamond_cutter, grunt_decor_arrowhead,
          grunt_decor_one_mirror, minivault_16, minmay_parallelograms
D:10:     gammafunk_cloud_chamber, layout_irregular_city, marbit_many_paths,
          minmay_misc_feat_nine_boxes, nicolae_sextant
D:11:     kennysheep_big_flooded_room, layout_loops_ring, david_lair_generic,
          zombieorc2_lemuel, serial_shops, bzr_entry_dummy,
          nicolae_kikubaaqudgha_miasma_corner, uniq_nergalle
D:12:     layout_cave_pools, serial_shops, shop_scrolls
D:13:     layout_roguey, david_vaults_4, led_sif_pool, uniq_erolcha, uniq_sonja
D:14:     lemuel_vampire_tower, layout_grid_maze, serial_park_square2,
          gauntlet_entry_generic
D:15:     grunt_enter_depths_magical_seal, layout_irregular_city,
          corexii_leaking_fountain, uniq_louise
Temple:   zaba_magenta_temple
Lair:1:   layout_cave_pods, maelrawn_ghost_gauntlet_escape
Lair:2:   layout_regular_city, hangedman_lair_generics_rect,
          infiniplex_staircase_pool_2
Lair:3:   gammafunk_boulding_lane, layout_regular_city,
          skrybe_swamp_entry_bodies, nicolae_volcano_entry_hallway,
          minmay_holes, chequers_serial_rivers_room_a, nzn_random_ring
Lair:4:   layout_regular_city, spider_nest_entry_web_field,
          infiniplex_staircase_pool
Lair:5:   layout_long_grid, minmay_slime_entry_jelly_boxes,
          nzn_masters_of_martial_movement
Lair:6:   minmay_lair_end_enchanted_forest, layout_misc_corridors
Swamp:1:  layout_basic_swamp, gammafunk_ghost_cemetery, serial_swamp_ruin,
          evilmike_swamp_ruin_house_2, evilmike_swamp_ruin_house_4, swamp_pool1,
          nicolae_swamp_round_clearing, uniq_kirke
Swamp:2:  layout_basic_swamp, evilmike_swamp_ruin_rubble_2, uniq_nikola,
          uniq_aizul
Swamp:3:  layout_falls_marsh, evilmike_swamp_ruin_house_1
Swamp:4:  swamp_old_school, layout_basic_swamp
Orc:1:    layout_diamond_mine, kennysheep_orc_chapel, uniq_erica, uniq_maurice
Orc:2:    grunt_orc_community_town_hall, layout_caves,
          grunt_orc_community_big_house_2, grunt_orc_community_big_house_1,
          grunt_orc_community_house_3, grunt_orc_community_house_2,
          grunt_orc_community_house_2, grunt_orc_community_house_1,
          portal_ice_cave_rime, gammafunk_ghost_wrathful_warriors, uniq_urug

Skill      XL: |  1  2  3  4  5  6  7  8  9 10 11 12 13 14 15 16 17 18 |
---------------+-------------------------------------------------------+-----
Short Blades   | 2 3 4 5 7 8 9 10 11 12 13 | 13.6
Stealth        | 1 2 3 5 6 7 10 11 12 13 14 15 16 17 | 17.1
Fighting       | 3 4 5 6 7 8 9 10 | 10.6
Dodging        | 1 2 3 4 5 6 7 8 9 10 | 10.9
Shields        | 3 4 5 6 7 8 9 10 11 12 | 12.5
Invocations    | 3 5 6 7 8 9 10 11 | 11.0
Armour         | 3 4 5 6 7 8 |  8.2
Evocations     | 3 6 7 |  7.3

Action                   |  1- 3 |  4- 6 |  7- 9 | 10-12 | 13-15 | 16-18 || total
-------------------------+-------+-------+-------+-------+-------+-------++-------
Melee: Rapier            |    28 |   103 |   165 |   255 |    86 |       ||   637
       Bite              |    19 |    37 |   100 |   208 |   265 |   362 ||   991
       Dagger            |    52 |     9 |    23 |       |       |       ||    84
       Short sword       |       |       |    60 |   189 |       |       ||   249
       Quick blade       |       |       |       |       |   505 |   938 ||  1443
Invok: Line Pass         |       |       |     2 |     1 |       |       ||     3
       Stomp             |       |       |       |     3 |       |       ||     3
       Grand Finale      |       |       |       |       |     1 |       ||     1
Evoke: Wand              |       |       |       |     8 |       |     4 ||    12
  Use: Scroll            |       |     9 |     9 |     7 |     3 |     5 ||    33
       Potion            |       |     1 |       |       |     1 |     1 ||     3
 Stab: Sleeping          |       |       |    12 |    16 |    54 |    87 ||   169
       Paralysed         |       |       |     4 |    31 |    55 |    95 ||   185
       Distracted        |       |       |     1 |     1 |     6 |     2 ||    10
Armor: Scale mail        |    31 |     7 |       |       |       |       ||    38
       Leather armour    |       |    24 |    32 |     5 |       |       ||    61
       Robe              |       |       |       |    48 |    51 |   141 ||   240
Dodge: Dodged            |    12 |    35 |    82 |   151 |    95 |   178 ||   553
Block: Kite shield       |    34 |    59 |   125 |   209 |    94 |       ||   521
       Tower shield      |       |       |       |       |   256 |   922 ||  1178
       Reflection        |       |       |       |       |     2 |    37 ||    39

Table legend: (Time is in decaauts)
 A = Elapsed time spent in this place.
 B = Non-inter-level travel time spent in this place.
 C = Inter-level travel time spent in this place.
 D = Time resting spent in this place.
 E = Time spent auto-exploring this place.
 F = Levels seen in this place.
 G = Mean time per level.
                   A        B        C        D        E       F      G
               +--------+--------+--------+--------+--------+-----+--------+
         Total |  26227 |  23968 |   2259 |    447 |  17595 |  32 |  819.6 |
       Dungeon |  15146 |  13569 |   1577 |    296 |  10145 |  15 | 1009.7 |
        Temple |     80 |     64 |     16 |      0 |     57 |   1 |   80.0 |
          Lair |   5468 |   5126 |    342 |    149 |   3936 |   6 |  911.3 |
         Swamp |   2418 |   2363 |     55 |      2 |   1682 |   4 |  604.5 |
  Orcish Mines |   1867 |   1598 |    269 |      0 |   1166 |   2 |  933.5 |
        Bazaar |    151 |    151 |      0 |      0 |     77 |   1 |  151.0 |
      Ice Cave |    433 |    433 |      0 |      0 |    214 |   1 |  433.0 |
       Volcano |    328 |    328 |      0 |      0 |    137 |   1 |  328.0 |
      Gauntlet |    332 |    332 |      0 |      0 |    179 |   1 |  332.0 |
               +--------+--------+--------+--------+--------+-----+--------+

Top non-repeatable levels by time:
     D:9: 1486 daAuts
     D:8: 1409 daAuts
   Orc:2: 1313 daAuts
    D:11: 1263 daAuts
     D:1: 1262 daAuts
     D:7: 1196 daAuts
    D:10: 1190 daAuts
  Lair:3: 1113 daAuts
     D:6: 1104 daAuts
  Lair:5: 973 daAuts
     D:5: 963 daAuts
  Lair:1: 958 daAuts
  Lair:2: 921 daAuts
    D:14: 862 daAuts
     D:2: 850 daAuts
